[Event "45th FIDE Olympiad 2024"]
[Site "Budapest"]
[Date "2024.09.11"]
[Round "1.174"]
[White "Nascimento, Admilton De Ceita Do"]
[Black "Cardoso Cardoso, Jose Gabriel"]
[Result "0-1"]
[ECO "D00"]
[WhiteElo "1908"]
[BlackElo "2508"]
[Annotator "TA"]
[PlyCount "96"]
[EventDate "2024.09.05"]
[EventType "team-tourn"]
[EventCountry "HUN"]
[SourceTitle "playchess.com"]
[Source "ChessBase"]
[SourceQuality "1"]
[WhiteTeam "Sao Tome and Principe"]
[BlackTeam "Colombia"]
[WhiteTeamCountry "SAO"]
[BlackTeamCountry "COL"]
[TimeControl "40/5400+30:1800+30"]

1. d4 Nf6 2. Bf4 d5 3. e3 c5 4. c3 Nc6 5. Nd2 Bf5 6. Qb3 Qc8 7. Ngf3 c4 8. Qa4 {The position is equal.} a6 9. Qd1 h6 10. h3 e6 11. Be2 b5 12. b4 {[#]} (12. O-O $11 {remains equal.}) 12... Nxb4 {Black is more active.} 13. O-O $2 {White is on the road to losing.} (13. cxb4 $11 Bxb4 14. a3) 13... Nd3 $19 14. a3 Be7 15. Bh2 a5 16. Ne1 O-O 17. Be5 Nxe5 18. dxe5 Nd7 19. f4 (19. Ndf3 $142) 19... b4 20. axb4 axb4 21. Rxa8 Qxa8 22. Nxc4 Qa7 {Black is clearly winning.} ({Much less strong is} 22... bxc3 23. Nd6 Bxd6 24. exd6 $19) 23. Nb2 Qxe3+ 24. Kh2 {White is weak on the dark squares} bxc3 25. Na4 Be4 {Repels Rf3} 26. Bd3 Rc8 27. Qc2 Bh4 28. Bxe4 dxe4 29. Qd1 Bg3+ 30. Kh1 Qd2 31. Nc2 e3 32. Nxe3 Qxd1 33. Rxd1 c2 34. Rc1 Bxf4 35. Rxc2 Ra8 36. Nf1 Rxa4 37. g3 Bxe5 38. Kg2 Nf6 39. Re2 Bc7 40. Rc2 Nd5 41. Kf2 Ra3 42. h4 Bb6+ 43. Kg2 Ne3+ 44. Nxe3 Rxe3 45. Rc8+ Kh7 46. Rb8 {[#]} Rxg3+ $3 47. Kh2 Bc7 48. Rb7 Rc3+ {Weighted Error Value: White=0.88/Black=0.24 (precise) .  Loses game:     	White=1     	---        Mistake:       	White=2     	Black=1      Inaccurate:     	White=4     	---        OK:         	White=5     	Black=12} 0-1

[Event "45th FIDE Olympiad 2024"]
[Site "Budapest"]
[Date "2024.09.11"]
[Round "1.175"]
[White "Avila Pavas, Santiago"]
[Black "Lima, Osvaldo Dos Santos"]
[Result "1-0"]
[ECO "B06"]
[WhiteElo "2485"]
[BlackElo "1903"]
[Annotator "TA"]
[PlyCount "42"]
[EventDate "2024.09.05"]
[EventType "team-tourn"]
[EventCountry "HUN"]
[SourceTitle "playchess.com"]
[Source "ChessBase"]
[SourceQuality "1"]
[WhiteTeam "Colombia"]
[BlackTeam "Sao Tome and Principe"]
[WhiteTeamCountry "COL"]
[BlackTeamCountry "SAO"]
[TimeControl "40/5400+30:1800+30"]

1. d4 g6 2. e4 Bg7 3. Nc3 c6 4. Be3 b5 5. Qd2 a5 6. h4 h5 7. Nh3 d6 8. Ng5 {White is slightly better.} Nh6 9. a3 Bb7 10. Be2 Nd7 11. f3 {Wards off Ng4} Nf8 12. O-O {White is much more active.} f5 {[#] Black cannot hold the game after this.} (12... Nd7 $16) 13. Nxb5 $1 {[%cal Od4d5][%mdl 512] Hoping for d5!} Nf7 (13... cxb5 $2 {loses.} 14. Bxb5+ Nd7 15. Ne6 $18) 14. Nxf7 Kxf7 15. Nc3 e5 $2 (15... Bf6 {was necessary.} 16. Bg5 Ne6) 16. dxe5 dxe5 (16... f4 $142 17. Bxf4 dxe5 18. Qxd8 Rxd8) 17. Bc4+ $18 Ne6 18. Na4 $2 {[#]} (18. Qe2 Qe7 19. Bg5 Qc5+ 20. Kh1) 18... Re8 (18... Qxd2 19. Bxd2 Ba6) 19. Qc3 Qxh4 20. Bxe6+ Rxe6 21. Nc5 Re7 $2 {Weighted Error Value: White=0.56/Black=0.77.  Mistake:       	White=1     	Black=5      Inaccurate:     	White=2     	Black=3      OK:         	White=5     	Black=4      Best:        	White=1     	---} (21... Bc8 22. Rad1 Qf6 23. Nxe6 Bxe6 24. Qxc6 Rh8) 1-0

[Event "45th FIDE Olympiad 2024"]
[Site "Budapest"]
[Date "2024.09.11"]
[Round "1.176"]
[White "Semedo, Adelino"]
[Black "Munoz Triana, Joseph Steve"]
[Result "0-1"]
[ECO "D02"]
[WhiteElo "1827"]
[BlackElo "2270"]
[Annotator "ChessBase"]
[PlyCount "70"]
[EventDate "2024.09.05"]
[EventType "team-tourn"]
[EventCountry "HUN"]
[SourceTitle "playchess.com"]
[Source "ChessBase"]
[SourceQuality "1"]
[WhiteTeam "Sao Tome and Principe"]
[BlackTeam "Colombia"]
[WhiteTeamCountry "SAO"]
[BlackTeamCountry "COL"]
[TimeControl "40/5400+30:1800+30"]

1. d4 Nf6 2. Nf3 e6 3. Bf4 c5 4. c3 Nc6 5. e3 d5 6. Nbd2 Bd6 7. Bg3 O-O 8. Bd3 Re8 9. Ne5 Bxe5 10. dxe5 Nd7 11. f4 c4 12. Be2 Qb6 13. Bf2 Qxb2 14. Qc1 Qxc1+ 15. Rxc1 b5 16. e4 Nb6 17. Rb1 Na4 18. Rxb5 Nxc3 19. Rc5 Nb4 20. exd5 exd5 21. Kf1 Nxe2 22. Kxe2 Nd3 23. Ra5 Nxf4+ 24. Kf3 Nd3 25. Bd4 Nxe5+ 26. Kg3 Nc6 27. Rxd5 Be6 28. Rd6 Red8 29. Rxc6 Rxd4 30. Nf3 Rd3 31. Rb1 Ra3 32. Rb2 h6 33. Kf4 Rd8 34. Nd2 c3 35. Rb3 cxd2 0-1

[Event "45th FIDE Olympiad 2024"]
[Site "Budapest"]
[Date "2024.09.11"]
[Round "1.177"]
[White "Ayyad, Husain"]
[Black "Tin, Jingyao"]
[Result "1/2-1/2"]
[ECO "B15"]
[WhiteElo "2129"]
[BlackElo "2580"]
[Annotator "TA"]
[PlyCount "149"]
[EventDate "2024.09.05"]
[EventType "team-tourn"]
[EventCountry "HUN"]
[SourceTitle "playchess.com"]
[Source "ChessBase"]
[SourceQuality "1"]
[WhiteTeam "Bahrain"]
[BlackTeam "Singapore"]
[WhiteTeamCountry "BHN"]
[BlackTeamCountry "SIN"]
[TimeControl "40/5400+30:1800+30"]

1. e4 c6 2. d4 d5 3. Nd2 dxe4 4. Nxe4 Nf6 5. Nxf6+ exf6 6. Be3 Bd6 7. Bd3 O-O 8. c3 Re8 9. Qc2 h5 10. Ne2 Na6 11. O-O h4 {White is slightly better.} 12. h3 Nc7 13. c4 {Repels Nd5} Bd7 14. c5 ({White should try} 14. Nc3 $16) 14... Bf8 $11 15. Nc3 (15. Nf4 {keeps more tension.} Ne6 16. Bh7+ Kh8 17. Nxe6 Bxe6 18. Qe4) 15... g6 16. Rfe1 (16. Qb3 {is more complex.} b5 17. cxb6 axb6 18. Rfd1) 16... Be6 17. Rad1 Nd5 18. Nxd5 Bxd5 19. b4 b5 20. Bf4 (20. a4 $11 a6 21. Bf4) 20... a5 21. a4 (21. Rxe8 $15 Qxe8 22. a3) 21... bxa4 (21... axb4 $2 22. axb5 Rxe1+ 23. Rxe1) (21... Rxe1+ $17 22. Rxe1 axb4 23. axb5 b3) 22. Qxa4 axb4 23. Qxb4 Qd7 24. Rxe8 Rxe8 25. Re1 Rd8 26. Be3 Be6 27. Be2 Bg7 28. d5 Bxd5 29. Qxh4 Re8 $40 {[%mdl 128] Black is up to no good.} 30. Rb1 f5 31. Bf1 Be4 32. Rc1 Bb2 33. Re1 Qd5 34. f3 Bd3 35. Bxd3 (35. Kh1 $1 $11 Re6 (35... Bxf1 $2 36. Bd4 $18) 36. Qb4) 35... Qxd3 $15 36. Bf2 (36. Bg5 $15 Qd4+ 37. Qxd4 Bxd4+ (37... Rxe1+ 38. Kf2 $17) 38. Kf1 Rxe1+ 39. Kxe1) 36... Rxe1+ $17 37. Bxe1 {[%mdl 4096] Endgame. KQB-KQB} Bd4+ (37... Be5 $17 {And now ...Kg7 would win.} 38. Ba5 Qd1+ 39. Qe1 Qd5) 38. Bf2 $11 Be5 {...Qb1+ is the strong threat.} 39. f4 Bc7 {Threatens to win with ...Qd1+.} 40. Qg3 $1 Qe4 41. Be3 Kf8 42. Qf2 Ba5 43. Qe2 Bb4 44. Kf2 Qd5 45. Qc2 Ke7 46. Kf1 Kd7 47. Kf2 Kc7 48. Kg3 Kc8 49. h4 (49. Kh2 $11 {keeps the balance.}) 49... Be1+ $1 $17 50. Bf2 $2 (50. Kh3 $17) 50... Qd2 $19 51. Qxd2 Bxd2 {KB-KB} 52. Kf3 Kd7 53. g4 {[#]} Ke6 54. Kg3 fxg4 $2 (54... Bc3 $19 {White must now prevent ...Ba5.} 55. Kh3 Bg7) 55. Kxg4 $11 Bc3 56. Bg1 Bf6 57. Bf2 Bc3 (57... Bd8 $5 58. f5+ $8 gxf5+ 59. Kf4 Bc7+ 60. Kg5 Ba5 $17) 58. Bg1 Ba5 {Hoping for ...Bd8.} 59. Bf2 Bd8 {( -> ...f5+)} 60. f5+ $1 gxf5+ 61. Kf4 Bc7+ 62. Kg5 {[#]} (62. Kf3 $15) 62... Bd8+ (62... Ba5 $1 $17 63. Kf4 Bd2+ 64. Be3 Be1 (64... Bxe3+ 65. Kxe3 Ke5 66. h5 $11)) 63. Kf4 $15 Kf6 64. Bd4+ Kg6 65. h5+ Kxh5 66. Kxf5 Be7 67. Be3 Kh4 68. Bf4 Kh3 69. Bg5 (69. Be3 Kg2 $15) 69... Bxg5 70. Kxg5 {KPP-KP. The position is equal.} Kg3 71. Kf5 $1 (71. Kf6 {gets mated.} Kf4 72. Ke7 Ke5 (72... f5 73. Kd7 $11) 73. Kxf7 Kd5 74. Kf6 Kxc5 75. Ke5 Kc4 76. Kf4 Kd3 77. Kf3 c5 78. Kf2 Kd2 79. Kg3 c4 80. Kg4 c3 81. Kf5 c2 82. Ke6 Kd3 (82... c1=B 83. Kf7 $11) 83. Kf7 c1=Q (83... c1=B 84. Kg8 $11) 84. Ke6 Qc6+ 85. Kf5 Qd6 86. Kg4 Qf6 87. Kg3 Ke3 88. Kh2 Qg7 89. Kh3 Kf3 90. Kh4 Qh6#) 71... Kf3 72. Ke5 $1 (72. Kf6 {leads to mate.} Ke4 73. Kxf7 Kd5 74. Kf6 Kxc5 75. Ke5 Kc4 76. Kf4 c5 77. Kg3 Kd4 78. Kf3 c4 79. Kf2 Ke4 80. Kf1 Ke3 81. Ke1 c3 82. Kd1 Kd3 83. Kc1 c2 84. Kb2 Kd2 85. Ka3 c1=Q+ (85... c1=B+ 86. Kb4 $11) 86. Kb4 Qc6 87. Ka5 Kd3 88. Kb4 Qb6+ 89. Ka3 Kc3 90. Ka4 Qb4#) 72... Ke3 (72... Kf2 $5) 73. Kd6 f5 74. Kxc6 f4 75. Kd6 {Black had all chances to win.   Weighted Error Value: White=0.20 (precise) /Black=0.19 (very precise) .  Loses game:     	White=1     	---        Missed win:     	---       	Black=1      Mistake:       	White=7     	Black=3      Inaccurate:     	White=3     	Black=5      OK:         	White=24    	Black=24     Best:        	White=6     	Black=4      Strong:       	White=4     	Black=1} 1/2-1/2

[Event "45th FIDE Olympiad 2024"]
[Site "Budapest"]
[Date "2024.09.11"]
[Round "1.178"]
[White "Siddharth, Jagadeesh"]
[Black "Ayyad, Maher"]
[Result "1-0"]
[ECO "B40"]
[WhiteElo "2514"]
[BlackElo "1980"]
[Annotator "TA"]
[PlyCount "55"]
[EventDate "2024.09.05"]
[EventType "team-tourn"]
[EventCountry "HUN"]
[SourceTitle "playchess.com"]
[Source "ChessBase"]
[SourceQuality "1"]
[WhiteTeam "Singapore"]
[BlackTeam "Bahrain"]
[WhiteTeamCountry "SIN"]
[BlackTeamCountry "BHN"]
[TimeControl "40/5400+30:1800+30"]

1. e4 c5 2. Nf3 e6 3. d4 cxd4 4. Nxd4 Nf6 5. Bd3 Nc6 6. Nxc6 bxc6 7. Bf4 d5 8. Nd2 Be7 9. O-O {The position is equal.} O-O 10. e5 Nd7 11. Re1 f5 12. exf6 Nxf6 13. Be5 Qe8 ({Black should play} 13... Bc5 $14) 14. c4 $16 Qf7 (14... Nd7 $142) 15. Qc2 g6 16. Nf3 Nd7 17. Rac1 Nc5 (17... Bb7 $16) 18. cxd5 cxd5 19. Bd4 Nxd3 20. Qxd3 Bd6 {Prevents Rc7.} 21. h4 {White has more active pieces.} Qf5 22. Qb5 {Qc6 would now be deadly.} Bf4 23. Rc3 {And now g3 would win.} Rb8 {[#]} (23... Qg4 {was worth a try.} 24. Qc6 Rb8) 24. Qc5 $1 $18 {aiming for g3.} Rf7 $2 (24... Bd7 {was necessary.} 25. Ne5 (25. Qxa7 Rbd8 $18) 25... Bxe5) 25. Ne5 {White is clearly winning.} Bxe5 26. Bxe5 ({Not} 26. Rxe5 Qg4 27. Rg5 Qxh4 $18) 26... Rb5 {Black is weak on the dark squares} (26... Rxb2 $142 27. Qxc8+ Rf8) 27. Qxc8+ Rf8 28. Qd7 {[%csl LRa7,LRb5] Weighted Error Value: White=0.07 (flawless) /Black=0.42.  Mistake:       	---       	Black=6      Inaccurate:     	---       	Black=1      OK:         	White=8     	Black=7      Best:        	White=1     	---        Strong:       	White=1     	---} 1-0

[Event "45th FIDE Olympiad 2024"]
[Site "Budapest"]
[Date "2024.09.11"]
[Round "1.179"]
[White "Monther, Alfardan"]
[Black "Wong, Zhenyong Jayden"]
[Result "0-1"]
[ECO "B22"]
[WhiteElo "1834"]
[BlackElo "2397"]
[Annotator "TA"]
[PlyCount "106"]
[EventDate "2024.09.05"]
[EventType "team-tourn"]
[EventCountry "HUN"]
[SourceTitle "playchess.com"]
[Source "ChessBase"]
[SourceQuality "1"]
[WhiteTeam "Bahrain"]
[BlackTeam "Singapore"]
[WhiteTeamCountry "BHN"]
[BlackTeamCountry "SIN"]
[TimeControl "40/5400+30:1800+30"]

1. e4 c5 2. Nf3 e6 3. c3 d5 4. exd5 Qxd5 5. d4 Nf6 6. Na3 Nc6 7. Be3 {next Nb5 is good for White.} cxd4 {[#]} 8. Nb5 $1 Qd7 {Dodges Nc7+} (8... Qd8 9. Nbxd4) 9. Nbxd4 a6 {The position is equal.} 10. Bd3 Nd5 11. O-O Be7 12. Nxc6 bxc6 13. Ne5 ({Better is} 13. Bd4 $14 O-O 14. Be5) 13... Qc7 $1 $11 14. Qh5 g6 15. Nxg6 fxg6 16. Bxg6+ Kd8 $1 17. Rad1 {aiming for c4.} (17. Bxh7 $2 Bf6 18. Rfd1 Rxh7 $19 (18... Qxh7 $2 19. Qxh7 Rxh7 20. c4 $19)) 17... Bd7 18. c4 {[#]} (18. Bxh7 $2 Nf6 19. Qg5 Nxh7 $19 (19... Rxh7 $2 20. Bf4 $19)) (18. Bd2 $15) 18... Nf6 (18... hxg6 $2 19. Qxh8+ Be8 20. cxd5 $18) (18... Nf4 $1 $17 19. Bxf4 (19. Rxd7+ Kxd7 20. Qd1+ Kc8 $17) 19... Qxf4 20. Qa5+ Kc8) 19. Qh3 $15 Kc8 (19... Rf8 $5 20. Bb1 Kc8 $15) 20. Bf7 $1 Qe5 21. Bd4 Qf5 22. Qxf5 exf5 23. Rfe1 Bd8 24. Be6 Bxe6 25. Rxe6 Rf8 26. Rxc6+ Kb7 27. Re6 Rc8 28. c5 Ne4 29. b4 Rc6 30. Rxc6 Kxc6 31. f3 Ng5 32. a4 Bc7 {Threatens to win with ...Rd8.} 33. h4 (33. Re1 $1 $11 {keeps the balance.}) 33... Ne6 $17 34. Bf2 Rb8 35. Be1 Nf4 {Black is more active.} 36. b5+ (36. g4 $17) 36... axb5 $19 (36... Kxc5 37. Rc1+ Kb6 38. Bf2+ (38. a5+ Kb7 $11) 38... Kb7 39. bxa6+ Kc8 40. Re1 $14) 37. axb5+ Rxb5 ({But not} 37... Kxc5 38. Rc1+ Kb6 (38... Kxb5 $2 39. Rxc7 Rg8 40. g3 $16) 39. Rxc7 Ne2+ (39... Kxc7 40. Bg3 $17) 40. Kf2 Kxc7 41. Kxe2 Rxb5 42. Bd2 $19) 38. Bf2 Rb2 39. Kf1 Ne6 40. g4 f4 41. Re1 Kd5 (41... Nxc5 $19 {[%cal Ob2f2] Hoping for ...Rxf2+!} 42. Bxc5 Kxc5) 42. Rd1+ $11 Kc6 $2 (42... Kc4 $11) 43. Re1 $1 $19 Nxc5 44. Bxc5 Kxc5 {[%mdl 4096] Endgame. KRB-KR} 45. Re7 Kc6 {White must now prevent ...Bb6.} 46. Rxh7 Bb6 {...Rf2+ is the strong threat.} 47. Rf7 Rf2+ 48. Ke1 {And now Rf6+ would win.} Rxf3 {...Kd5 would now be deadly.} 49. h5 $2 {[#]} (49. Rf5 Be3 50. Ke2) 49... Kd5 $1 50. h6 Re3+ $2 (50... Ke4 {( -> ...Kd3)} 51. Kd2 Rf2+ 52. Kc3 Bd4+ 53. Kb3 Rb2+ 54. Kc4 Rc2+ 55. Kb3 Rc3+ 56. Kb4 Rg3 57. Re7+ Kd3) 51. Kf1 $2 (51. Kd2 Ke4 52. g5) 51... Ke4 52. Re7+ Kf3 53. h7 Bd4 {Weighted Error Value: White=0.58/Black=0.25 (precise) .  Missed win:     	---       	Black=1      Mistake:       	White=5     	Black=2      Inaccurate:     	White=3     	Black=3      OK:         	White=13    	Black=14     Best:        	White=3     	Black=7      Strong:       	White=3     	Black=3} (53... Rxe7 $2 {too greedy.} 54. h8=Q $18 (54. h8=B $2 {leads to mate.} Bf2 55. Bc3 Rh7 56. g5 Rh1#)) 0-1

[Event "45th FIDE Olympiad 2024"]
[Site "Budapest"]
[Date "2024.09.11"]
[Round "1.180"]
[White "Chia, Yu Zhe Ashton"]
[Black "Mosa, Hamad"]
[Result "1-0"]
[ECO "C13"]
[WhiteElo "2224"]
[BlackElo "1721"]
[Annotator "NA"]
[PlyCount "85"]
[EventDate "2024.09.05"]
[EventType "team-tourn"]
[EventCountry "HUN"]
[SourceTitle "playchess.com"]
[Source "ChessBase"]
[SourceQuality "1"]
[WhiteTeam "Singapore"]
[BlackTeam "Bahrain"]
[WhiteTeamCountry "SIN"]
[BlackTeamCountry "BHN"]
[TimeControl "40/5400+30:1800+30"]

1. e4 e6 2. d4 d5 3. Nc3 Nf6 4. Bg5 dxe4 5. Nxe4 Be7 6. Bxf6 Bxf6 7. Nf3 Be7 8. Bd3 Bd7 9. Qe2 Nc6 10. O-O-O Nb4 11. Bc4 c6 12. Bb3 b5 13. c3 Nd5 14. Ne5 Nf6 15. Nc5 Bxc5 16. dxc5 Qe7 17. Rd6 a5 18. Rhd1 a4 19. Bc2 a3 20. Nxd7 axb2+ 21. Kb1 Nd5 22. R1xd5 cxd5 23. Qxb5 Rd8 24. Nb8+ Kf8 25. Nc6 Re8 26. Nxe7 Kxe7 27. Qb7+ Kf6 28. Rd7 Rhf8 29. Qc7 g6 30. Qf4+ Kg7 31. Qe5+ Kg8 32. c6 Rb8 33. Qxb8 Rxb8 34. c7 Rf8 35. Rd8 Kg7 36. Rxf8 Kxf8 37. a4 Ke7 38. c8=Q Kf6 39. a5 Kg7 40. a6 Kf6 41. a7 Kg7 42. a8=Q Kf6 43. Qh8+ 1-0

[Event "45th FIDE Olympiad 2024"]
[Site "Budapest"]
[Date "2024.09.11"]
[Round "1.181"]
[White "Kjartansson, Gudmundur"]
[Black "Mompel Ferruz, Xavier"]
[Result "0-1"]
[ECO "A13"]
[WhiteElo "2478"]
[BlackElo "2273"]
[Annotator "TA"]
[PlyCount "64"]
[EventDate "2024.09.05"]
[EventType "team-tourn"]
[EventCountry "HUN"]
[SourceTitle "playchess.com"]
[Source "ChessBase"]
[SourceQuality "1"]
[WhiteTeam "Iceland"]
[BlackTeam "Equatorial Guinea"]
[WhiteTeamCountry "ISL"]
[TimeControl "40/5400+30:1800+30"]

1. Nf3 d5 2. g3 Nf6 3. Bg2 c5 4. O-O e6 5. c4 d4 6. e3 Nc6 7. exd4 cxd4 8. d3 Bd6 9. Bg5 h6 10. Bxf6 Qxf6 {The position is equal.} 11. Nbd2 Qe7 12. Re1 O-O 13. a3 a5 14. Nb3 Qf6 ({Of course not} 14... e5 $6 15. Nfxd4 Nxd4 16. Nxd4 $16) 15. Nfd2 Qd8 16. Ne4 Bc7 17. Nbc5 b6 18. Nf6+ Qxf6 19. Bxc6 Ra7 20. Ne4 Qe7 21. Qa4 Bd6 22. Nxd6 Qxd6 23. b4 $2 {[%mdl 8192] [#]} (23. Rab1 $11) 23... axb4 $1 $19 24. Qxa7 Qxc6 25. axb4 $2 (25. Qe7 Bb7 26. Re4 (26. Qxb4 $2 Qh1#)) 25... Bb7 {Black is clearly winning.} 26. Re4 {[%cal Ob4b5] Black must now prevent b5!} Ra8 27. Qxa8+ Bxa8 28. b5 Qb7 29. f3 Kh7 {Hoping for ...f5.} 30. Rf1 Qe7 31. Re2 Qa3 {Prevents Ra2} 32. Rd2 {[#]} Bxf3 $1 {[%mdl 512] Weighted Error Value: White=0.71/Black=0.07 (flawless) .  Loses game:     	White=1     	---        Mistake:       	White=1     	---        Inaccurate:     	White=1     	Black=1      OK:         	White=6     	Black=8      Best:        	White=2     	Black=2      Strong:       	---       	Black=1} 0-1

[Event "45th FIDE Olympiad 2024"]
[Site "Budapest"]
[Date "2024.09.11"]
[Round "1.182"]
[White "Oscar, Naranjo Gonzalez"]
[Black "Stefansson, Hannes"]
[Result "0-1"]
[ECO "B23"]
[WhiteElo "1861"]
[BlackElo "2471"]
[Annotator "TA"]
[PlyCount "90"]
[EventDate "2024.09.05"]
[EventType "team-tourn"]
[EventCountry "HUN"]
[SourceTitle "playchess.com"]
[Source "ChessBase"]
[SourceQuality "1"]
[WhiteTeam "Equatorial Guinea"]
[BlackTeam "Iceland"]
[BlackTeamCountry "ISL"]
[TimeControl "40/5400+30:1800+30"]

1. e4 c5 2. Nc3 Nc6 3. f4 g6 4. Nf3 Bg7 5. Bc4 e6 6. O-O Nge7 7. a3 O-O 8. d3 d5 9. Ba2 Nd4 10. Nxd4 cxd4 11. Ne2 Bd7 {Black is slightly better.} 12. Bd2 dxe4 13. dxe4 Qb6 14. Kh1 Rfc8 (14... Qxb2 $6 15. Bb4 Ba4 16. Bxe7 $14) ({Better is} 14... Bb5 $17 15. Re1 Rfd8) 15. Rb1 Ba4 16. Bb3 $1 Bxb3 17. cxb3 a5 18. Rc1 (18. Be1 $11 {remains equal.}) 18... Qb5 $17 19. Rf3 Rc6 20. Rxc6 Qxc6 21. e5 Nf5 22. Qc1 Qd7 23. Qb1 Rc8 24. Qd3 Qc6 (24... g5 $17 25. Bxa5 gxf4) 25. h3 (25. Nxd4 $14 {is the one way to stay ahead.} Nxd4 26. Qxd4) 25... Qd5 26. Ng3 f6 {Black is more active.} 27. Nxf5 exf5 (27... gxf5 {simplifies} 28. exf6 Bxf6 29. Rg3+ Kh8) 28. e6 Bf8 $1 (28... Qxe6 $6 29. Qxd4 Bf8 30. Bxa5 $16) 29. Re3 {[#] Prevents Qe4. Threatens to win with e7.} Be7 30. Re1 Kf8 31. Kh2 Rc6 32. b4 ({White should try} 32. h4 $15) 32... axb4 (32... Rxe6 $6 33. Rxe6 Qxe6 34. Qxd4 $11) 33. axb4 Qc4 {Prevents Bc3.} (33... Rxe6 34. Rxe6 Qxe6 35. Qxd4 $15) 34. Qb1 {Loses the game.} (34. Qa3 $17 Ra6 (34... Rxe6 35. Qa8+ Kg7 36. Rxe6 $11) 35. Qf3) 34... Qc2 $19 ({Don't do} 34... Bxb4 35. Bxb4+ Qxb4 36. Qa2 $19) (34... Rxe6 35. Rxe6 Qxe6 36. Qd3 $19) 35. Qxc2 (35. b5 $142 Qxb1 36. Rxb1) 35... Rxc2 {[%mdl 4096] Endgame. KRB-KRB} 36. Rd1 Bd6 {[%cal Oc2d2] [#] Hoping for ...Rxd2!} 37. Kg1 Rxb2 38. Be1 $2 (38. Kf1) 38... Bxf4 39. Kf1 Be3 40. Ra1 d3 41. Rd1 (41. e7+ $142 Kxe7 42. Ra3) 41... d2 {Black is clearly winning.} 42. Bg3 f4 (42... Rxb4 $2 {too greedy.} 43. Bd6+ Ke8 44. Bxb4 $18) 43. Ke2 Rxb4 44. Bh2 Rc4 45. g3 g5 {Weighted Error Value: White=0.82/Black=0.22 (precise) .  Mistake:       	White=6     	Black=2      Inaccurate:     	White=3     	Black=4      OK:         	White=12    	Black=15     Best:        	---       	Black=1      Strong:       	White=1     	Black=1} 0-1

[Event "45th FIDE Olympiad 2024"]
[Site "Budapest"]
[Date "2024.09.11"]
[Round "1.183"]
[White "Heimisson, Hilmir Freyr"]
[Black "Angel, Estanislao Gatjens C"]
[Result "1-0"]
[ECO "E69"]
[WhiteElo "2391"]
[BlackElo "1849"]
[Annotator "ChessBase"]
[PlyCount "87"]
[EventDate "2024.09.05"]
[EventType "team-tourn"]
[EventCountry "HUN"]
[SourceTitle "playchess.com"]
[Source "ChessBase"]
[SourceQuality "1"]
[WhiteTeam "Iceland"]
[BlackTeam "Equatorial Guinea"]
[WhiteTeamCountry "ISL"]
[TimeControl "40/5400+30:1800+30"]

1. c4 Nf6 2. Nc3 g6 3. g3 Bg7 4. Bg2 d6 5. d4 c6 6. Nf3 O-O 7. O-O Nbd7 8. e4 e5 9. h3 h6 10. Be3 Re8 11. Re1 Qc7 12. Qd2 Kh7 13. Rad1 a6 14. Qc2 Nf8 15. b4 Be6 16. d5 cxd5 17. cxd5 Bd7 18. Rc1 Rec8 19. a4 b6 20. Nd2 b5 21. a5 Be8 22. f3 h5 23. Qd3 Bh6 24. f4 Qe7 25. Nf3 N8d7 26. Ng5+ Kg7 27. f5 Nh7 28. Nxh7 Kxh7 29. fxg6+ fxg6 30. Bxh6 Kxh6 31. Nb1 Nf6 32. Qe3+ Kg7 33. Nd2 Qd8 34. Nf3 Bd7 35. Nh4 Nh7 36. Rb1 Rc4 37. Rf1 Qc7 38. Rf7+ Kxf7 39. Qh6 Nf8 40. Rf1+ Bf5 41. Nxg6 Nxg6 42. Rxf5+ Kg8 43. Qxg6+ Qg7 44. Qe6+ 1-0

[Event "45th FIDE Olympiad 2024"]
[Site "Budapest"]
[Date "2024.09.11"]
[Round "1.184"]
[White "Pedro, Manuel Envo Engonga "]
[Black "Gretarsson, Helgi Ass"]
[Result "0-1"]
[ECO "B02"]
[WhiteElo "1702"]
[BlackElo "2450"]
[Annotator "TA"]
[PlyCount "70"]
[EventDate "2024.09.05"]
[EventType "team-tourn"]
[EventCountry "HUN"]
[SourceTitle "playchess.com"]
[Source "ChessBase"]
[SourceQuality "1"]
[WhiteTeam "Equatorial Guinea"]
[BlackTeam "Iceland"]
[BlackTeamCountry "ISL"]
[TimeControl "40/5400+30:1800+30"]

1. e4 Nf6 2. Bc4 Nxe4 3. Bxf7+ Kxf7 4. Qh5+ Kg8 5. Qd5+ e6 6. Qxe4 d5 7. Qe2 (7. Qe3 $1 $11) 7... c5 (7... Nc6 $17 8. d3 e5) 8. Nf3 {Black has an edge.} Nc6 9. Nc3 {[#]} (9. d3 $15) 9... e5 $1 $17 10. h3 {[%cal Oe1g1] Prevents Bg4} (10. d3 Bg4) 10... Nd4 ({Better is} 10... e4 11. Nh2 (11. Nxe4 $2 Nb4 $19) 11... Qg5) 11. Nxd4 exd4 12. Ne4 {This costs White the game.} d3 ({Inferior is} 12... dxe4 13. Qc4+) 13. Qxd3 (13. cxd3 {was the only defense.} dxe4 14. dxe4) 13... Bf5 $19 14. f3 Qd7 ({Worse is} 14... dxe4 15. Qc4+) (14... Qh4+ 15. Kd1 Rd8 (15... dxe4 16. Qd5+) 16. Qf1 $11) 15. c4 dxe4 16. Qxd7 Bxd7 17. fxe4 Bd6 18. Rf1 Rf8 19. d3 Rxf1+ 20. Kxf1 Kf7 21. Be3 Rc8 22. Ke2 Rc6 23. b4 $2 (23. Rf1+ {is a better defense.} Ke8 24. g4) 23... cxb4 24. Bxa7 {[#]} b5 $1 25. cxb5 (25. c5 Bxc5) 25... Rc2+ 26. Kf3 Bxb5 27. Bd4 Bxd3 28. e5 Bf8 29. g4 Ke6 30. Ke3 Bc4 31. a4 bxa3 32. Rb1 Kd5 {Hoping for ...Re2+.} 33. Rb8 Re2+ {Black mates.} 34. Kf4 Kxd4 35. Rxf8 Rf2+ {Weighted Error Value: White=0.89/Black=0.13 (very precise) .  Loses game:     	White=1     	---        Mistake:       	White=4     	Black=2      Inaccurate:     	White=1     	---        OK:         	White=5     	Black=7      Best:        	White=1     	Black=2      Brilliant:      	---       	Black=1} 0-1